 Dungeon Crawl Stone Soup version 0.28-a0-1616-g050a50673c (webtiles) character file.

Game seed: 5789651464908947345

2575 grumblor the Fighter (level 9, -12/74 HPs)
             Began as a Mummy Fighter on Jan 22, 2022.
             Was an Initiate of Gozag.
             Mangled by a slime creature (18 damage)
             ... on level 6 of the Dungeon.
             The game lasted 00:10:38 (6200 turns).

grumblor the Fighter (Mummy Fighter)                Turns: 6200, Time: 00:10:39

Health: -12/74     AC:  7    Str: 24    XL:     9   Next: 32%
Magic:  0/27       EV:  9    Int:  7    God:    Gozag
Gold:   204        SH:  5    Dex: 11    Spells: 8/8 levels left

rFire   x . .      SeeInvis +   f - +5 war axe "Vyllaim" {freeze, MP+9}
rCold   + + .      Faith    .   c - +1 buckler
rNeg    + + +      Spirit   +   b - +0 scale mail
rPois   ∞          Reflect  .   p - +0 helmet
rElec   .          Harm     .   (no cloak)
rCorr   .          Rampage  .   q - -2 pair of gloves of Ymaepega {Regen+}
Will    ++...                   (no boots)
Stlth   +.........              g - amulet of guardian spirit
HPRegen 1.02/turn               d - ring of magical power
MPRegen 0.20/turn               l - ring "Nentokiopy" {rC+ Will+ SInv Stlth+}

@: no status effects
A: cold resistance 1, negative energy resistance 3, torment resistance 2, heat
vulnerability 1, no potions
a: Renounce Religion, Potion Petition, Call Merchant, Bribe Branch


You were on level 6 of the Dungeon.
You worshipped Gozag.
Gozag was aware of your devotion.
You visited 2 branches of the dungeon, and saw 8 of its levels.
You also visited: Sewer.

You collected 343 gold pieces.
You spent 19 gold pieces at shops.
You paid 120 gold pieces to Gozag.

Inventory:

Hand Weapons
 a - a +0 war axe
 f - the +5 war axe "Vyllaim" (weapon) {freeze, MP+9}
   (You found it on level 4 of the Dungeon)

   It freezes those it strikes, dealing additional cold damage.
   It can also slow down cold-blooded creatures.
   MP:        It affects your magic capacity (+9).
Missiles
 o - 5 javelins (quivered)
 r - 2 poisoned darts
Armour
 b - a +0 scale mail (worn)
 c - a +1 buckler (worn)
 p - a +0 helmet (worn)
 q - the -2 pair of gloves of Ymaepega (worn) {Regen+}
   (You bought it in a shop on level 5 of the Dungeon)

   Regen:     It increases your rate of health regeneration.
Jewellery
 d - a ring of magical power (left hand)
 g - an amulet of guardian spirit (around neck)
 l - the ring "Nentokiopy" (right hand) {rC+ Will+ SInv Stlth+}
   (You found it on level 3 of the Dungeon)

   [ring of see invisible]

   rC:        It protects you from cold.
   SInv:      It lets you see invisible.
   Will:      It increases your willpower.
   Stlth:     It makes you more stealthy.
Wands
 e - a wand of iceblast (8)
Scrolls
 h - 4 scrolls of blinking
 i - a scroll of silence
 j - 2 scrolls of magic mapping
 k - a scroll of enchant armour
 m - a scroll of summoning
 n - a scroll of fear


   Skills:
 * Level 8.0 Fighting
 - Level 6.0 Axes
 * Level 5.1 Armour
 * Level 4.3 Shields
 * Level 2.2 Evocations


You had 8 spell levels left.
You didn't know any spells.
Your spell library contained the following spells:

 Spells                   Type           Power      Damage    Failure   Level
 Magic Dart               Conj           0%         1d3       80%         1
 Corpse Rot               Necr/Air       0%         N/A       91%         2
 Poisonous Vapours        Pois/Air       0%         N/A       91%         2
 Searing Ray              Conj           0%         2d4       91%         2
 Confusing Touch          Hex            0%         N/A       99%         3
 Tukima's Dance           Hex            0%         N/A       99%         3
 Fulminant Prism          Conj/Hex       0%         3d6       100%        4
 Passage of Golubria      Tloc           0%         N/A       100%        4
 Yara's Violent Unravell  Hex/Tmut       0%         3d3       100%        5
 Enfeeble                 Hex            0%         N/A       100%        7


Dungeon Overview and Level Annotations

Branches:
Dungeon (7/15)             Temple (1/1) D:7           Sewer (visited)

Altars:
Ashenzari
Cheibriados
Dithmenos
Elyvilon
Fedhas
Gozag
Hepliaklqana
Kikubaaqudgha
Makhleb
Nemelex Xobeh
Okawaru
Qazlal
Ru
Sif Muna
Trog
Uskayaw
Vehumet
Wu Jian
Xom
Yredelemnul
Zin
The Shining One

Shops:
D:4 !   D:5 ![

Portals:
Abyss: D:5

Annotations:
D:5 2 transporters, IdlyInterested's ghost, novice DsGl


Innate Abilities, Weirdness & Mutations

You are immune to poison.
Your flesh is cold resistant. (rC+)
You are immune to negative energy. (rN+++)
You are immune to unholy pain and torment.
You are vulnerable to heat. (rF-)
You do not drink.


Message History

The slime creature is severely wounded.
You barely miss the large slime creature.
The slime creature hits you but does no damage.
Unknown command.
You slash the slime creature! You freeze the slime creature.
The slime creature is almost dead.
You slash the large slime creature! You freeze the large slime creature.
The large slime creature hits you!! The slime creature hits you!
Unknown command.
You slash the slime creature! You freeze the slime creature.
You kill the slime creature!
You hit the large slime creature. You freeze the large slime creature.
The large slime creature hits you!!
* * * LOW HITPOINT WARNING * * *
Your Fighting skill increases to level 8!
Unknown command.
The large slime creature is distracted by your dazzling golden aura.
Throw: 6 javelins
Press: ? - help, Q - select action, (/) - cycle Shift-Dir - straight line, f - large slime creature
Aim: a large slime creature (moderately wounded, unaware, hasn't noticed you, 82% to hit)
You throw a javelin.
The javelin pierces through the large slime creature but does no damage.
The large slime creature is no longer distracted by gold.
The large slime creature is moderately wounded.
There is an escape hatch in the ceiling here.
A large slime creature splits.
A mysterious force pulls you upwards. The hatch slams shut behind you.
The slime creature hits you!
* * * LOW HITPOINT WARNING * * *
The slime creature hits you but does no damage.
The slime creature hits you but does no damage.
The slime creature hits you!
* * * LOW HITPOINT WARNING * * *
You completely miss the slime creature.
The slime creature is lightly wounded.
You slash the slime creature! You freeze the slime creature.
The slime creature hits you but does no damage.
The slime creature hits you!!
You die...
Your body crumbles into a pile of gold.

........'.........#...#..........
........#.........#+###..........
##......#.............#.......###
......................#..........
...#..........##............#....
...#..........##............#....
...#........................#....
.................J....''##.......
##..............@.....#.##.......
.'.............##J......##.......
##....###......##.......#####....
.+...........####................
.................................
###.#############.#############..
..#.#...........#.#...........#..
#.#.#.####.####.#.#.####.####.#..
..#.#....#.#....#.#....#.#....#..


You could see 2 slime creatures.

Vanquished Creatures
  A centaur zombie (D:7)
  A slime creature (D:7)
  A water moccasin (D:7)
  An ice beast (D:5)
  A black bear (D:5)
  A necrophage (D:5)
  An ogre (D:6)
  2 phantoms
  3 bullfrogs
  6 scorpions
  A water moccasin zombie (D:6)
  A vampire bat (D:6)
  2 centaur skeletons
  An orc priest (D:6)
  3 hounds
  2 jellies (D:4)
  4 bullfrog skeletons
  2 iguanas
  An orc wizard (D:6)
  A killer bee zombie (D:5)
  A hound skeleton (D:4)
  2 howler monkey skeletons
  3 gnolls
  13 adders
  8 river rats
  A shadow imp (D:5)
  2 white imps
  An ufetubus (D:6)
  An adder skeleton (D:4)
  2 worms
  4 dart slugs
  9 orcs
  20 ball pythons
  7 endoplasms
  7 giant cockroaches
  8 hobgoblins
  7 jackals
  6 quokkas
  14 bats
  4 frilled lizards
  8 goblins
  6 kobolds
  A quokka skeleton (D:4)
  22 rats
193 creatures vanquished.

Notes
Turn   | Place    | Note
-------+----------+-------------------------------------------
     0 | D:1      | grumblor the Mummy Fighter began the quest for the Orb.
     0 | D:1      | Reached XP level 1. HP: 18/18 MP: 1/1
   155 | D:1      | Found a faded altar of an unknown god.
   174 | D:1      | Reached XP level 2. HP: 24/24 MP: 2/2
   414 | D:1      | Reached XP level 3. HP: 30/30 MP: 3/3
   518 | D:1      | Reached skill level 4 in Fighting
  1237 | D:2      | Reached XP level 4. HP: 30/38 MP: 4/4
  1937 | D:3      | Noticed a phantom
  1953 | D:3      | Killed a phantom
  1954 | D:3      | Reached XP level 5. HP: 32/43 MP: 5/5
  2025 | D:3      | Found a glowing drain.
  2029 | Sewer    | Entered a sewer
  2178 | Sewer    | Reached skill level 5 in Fighting
  2455 | Sewer    | Reached XP level 6. HP: 38/51 MP: 6/6
  3170 | D:3      | Identified the ring "Nentokiopy" {rC+ Will+ SInv Stlth+}
  3435 | D:4      | Reached XP level 7. HP: 49/57 MP: 7/7
  3564 | D:4      | Identified the +5 war axe "Vyllaim" {freeze, MP+9}
  3927 | D:4      | Found Kaliezu's Distillery.
  4007 | D:4      | Reached skill level 6 in Fighting
  4007 | D:4      | Reached skill level 5 in Axes
  4612 | D:5      | Entered Level 5 of the Dungeon
  4710 | D:5      | Found a transporter.
  4730 | D:5      | Found a one-way gate to the infinite horrors of the Abyss.
  4730 | D:5      | Noticed IdlyInterested's ghost (novice DsGl)
  4732 | D:5      | Found Vaizugess's Armour Boutique.
  4742 | D:5      | Bought the -2 pair of gloves of Ymaepega {Regen+} for 19
                  | gold pieces
  4756 | D:5      | Noticed an ancient zyme
  4769 | D:5      | Reached XP level 8. HP: 62/65 MP: 8/8
  4816 | D:5      | Found Boweleq's Distillery.
  5009 | D:5      | Found a transporter.
  5343 | D:6      | Reached skill level 1 in Evocations
  5368 | D:6      | Reached skill level 7 in Fighting
  5955 | D:7      | Reached XP level 9. HP: 67/72 MP: 9/9
  5985 | D:7      | Found a staircase to the Ecumenical Temple.
  6024 | Temple   | Entered the Ecumenical Temple
  6116 | Temple   | Became a worshipper of Gozag Ym Sagoz the Greedy
  6146 | D:7      | Reached skill level 5 in Armour
  6178 | D:7      | HP: 3/74 [large slime creature (26)]
  6179 | D:7      | Reached skill level 8 in Fighting
  6200 | D:6      | Mangled by a slime creature

Illustrated notes

Levels and vault maps discovered:
D:1:      lemuel_arrival_funnel, layout_rooms, shapermc_ecumenical_altar_venn,
          hangedman_decor_push, nicolae_wormholes
D:2:      layout_loops_corners, minmay_heptomino_h4
D:3:      layout_basic, zin_academy, gup_sewer_entry_spiral, minmay_checkerbox
D:4:      layout_basic, serial_corexii_hall, corexii_hall_statues_x,
          chequers_hall_statues_y, serial_shops, nicolae_stop_n_shop_1,
          st_stairs_14, kennysheep_minor_cross, kennysheep_small_circle
D:5:      layout_cave_pools, serial_shops, shop_statue, shop,
          gammafunk_ghost_abyssal_escape, kennysheep_generic_room_15
D:6:      layout_basic, roderic_batcave, grunt_decor_one_mirror,
          roderic_lattice_a, chequers_mini_garden
D:7:      layout_loops_cross, minmay_temple_entry_wispy,
          kennysheep_generic_room_11
Temple:   compressed_dpeg_circular_temple

Skill      XL: |  1  2  3  4  5  6  7  8  9 |
---------------+----------------------------+-----
Axes           | 2 3 4 5 6 |  6.0
Fighting       | 4 5 6 7 8 |  8.0
Armour         | 3 4 5 |  5.1
Shields        | 3 4 |  4.3
Evocations     | 1 2 |  2.2

Action                   |  1- 3 |  4- 6 |  7- 9 || total
-------------------------+-------+-------+-------++-------
Melee: War axe           |   113 |   226 |   217 ||   556
Throw: Javelin           |       |       |     1 ||     1
  Use: Scroll            |     2 |     6 |     3 ||    11
Armor: Scale mail        |    52 |   133 |   106 ||   291
Dodge: Dodged            |    64 |   132 |    98 ||   294
Block: Buckler           |    32 |    73 |    66 ||   171

Table legend: (Time is in decaauts)
 A = Elapsed time spent in this place.
 B = Non-inter-level travel time spent in this place.
 C = Inter-level travel time spent in this place.
 D = Time resting spent in this place.
 E = Time spent auto-exploring this place.
 F = Levels seen in this place.
 G = Mean time per level.
                   A        B        C        D        E       F      G
               +--------+--------+--------+--------+--------+-----+--------+
         Total |   6483 |   6282 |    201 |      0 |   4758 |   9 |  720.3 |
       Dungeon |   5530 |   5344 |    186 |      0 |   4083 |   7 |  790.0 |
        Temple |    107 |     92 |     15 |      0 |     70 |   1 |  107.0 |
         Sewer |    845 |    845 |      0 |      0 |    605 |   1 |  845.0 |
               +--------+--------+--------+--------+--------+-----+--------+

Top non-repeatable levels by time:
     D:4: 1205 daAuts
     D:2: 1192 daAuts
     D:3: 921 daAuts
   Sewer: 845 daAuts
     D:6: 693 daAuts
     D:1: 693 daAuts
     D:5: 667 daAuts
     D:7: 157 daAuts
  Temple: 107 daAuts
